 Dungeon Sprint DCSS version 0.25-a0-1079-g858b6a6 (webtiles) character file.

Game seed: 6855872841445556420, levelgen mode: deterministic

8900000 12572944 the Formicid Barricade (level 27, -8/249 HPs)
             Began as a Formicid Fighter on May 16, 2020.
             Was the Champion of Makhleb.
             Killed by divine providence
             ... invoked by an observer
              (9 damage)
             ... in the Dungeon (Sprint VIII: "Arena of Blood").
             The game lasted 00:04:09 (89 turns).

12572944 the Formicid Barricade (Formicid Fighter)    Turns: 89, Time: 00:04:10

Health: -8/249     AC: 13    Str: 32    XL:     27
Magic:  39/54      EV: 25    Int:  9    God:    Makhleb [******]
Gold:   0          SH: 19    Dex: 11    Spells: 80/80 levels left

rFire    . . .     SeeInvis +   k - +∞ Axe of Woe
rCold    . . .     Gourm    .   b - +0 kite shield
rNeg     . . .     Faith    .   a - +0 scale mail
rPois    .         Spirit   .   (helmet unavailable)
rElec    .         Reflect  .   (no cloak)
rCorr    .         Harm     .   (no gloves)
MR       ++...                  (no boots)
Stlth    ++++++++..             (no amulet)
HPRegen  0.51/turn              (no ring)
MPRegen  0.34/turn              (no ring)

@: no status effects
A: permanent stasis, dig shafts and tunnels, four strong arms, antennae 3
a: Dig, Minor Destruction, Lesser Servant of Makhleb, Major Destruction, Greater
Servant of Makhleb, Renounce Religion


You were in the Dungeon.
You worshipped Makhleb.
Makhleb was exalted by your worship.
You were not hungry.

You visited 1 branch

Inventory:

Hand Weapons
 k - the +∞ Axe of Woe (weapon)
   (You found it in the Dungeon)
Armour
 a - a +0 scale mail (worn)
 b - a +0 kite shield (worn)
Scrolls
 j - a scroll of blinking
Potions
 c - a potion of might
 e - a potion of curing {@q1}
 f - a potion of heal wounds {@q2}
 g - a potion of haste {@q3}
 h - 2 potions of magic
 i - a potion of berserk rage
Comestibles
 d - a ration


   Skills:
 O Level 27 Fighting
 O Level 27 Axes
 O Level 27 Throwing
 O Level 27 Armour
 O Level 27 Dodging
 O Level 27 Stealth
 O Level 27 Shields
 O Level 27 Unarmed Combat
 O Level 27 Spellcasting
 O Level 27 Invocations


You had 80 spell levels left.
You didn't know any spells.
Your spell library was empty.

Dungeon Overview and Level Annotations

Branches:
Dungeon (1/1)

Altars:
Makhleb


Innate Abilities, Weirdness & Mutations

You cannot be hasted, slowed, berserked, paralysed or teleported.
You can dig through walls and to a lower floor.
Your four strong arms can wield two-handed weapons with a shield.
You have a pair of large antennae on your head. (SInv)


Message History

Your body is wracked with pain!
* * * LOW HITPOINT WARNING * * *
The eight-headed meat hydra calls on the powers of darkness!
The eight-headed meat hydra convulses!
Your body is wracked with pain!
* * * LOW HITPOINT WARNING * * *
The observer convulses!
You hear a shout!
The accursed casts a spell at you. Something smites you!
* * * LOW HITPOINT WARNING * * *
Items here: ))))))))))))))) =============== ††† You slice the wretched soul like a ripe choko!!!
You fatally mangle the wretched soul.
You destroy the wretched soul!
Makhleb accepts your kill.
You hear a shout!
A meat berserker comes into view. It is wielding a +9 battleaxe.
The observer gazes at you. Something smites you!
You die...

.....................
.........%...%......#.
.........%..........%..
....z....%.........D#.%
#.......#........%....
#.......#......%%.%.##.
##.....))###))))........
....###).)..)))))...###.
....._.))))%)§§§@.G.....
..#....)#.)..%§§#)#.....
#_.<)_#....§.☼{WM.....
#..O.)#......#o#o#....
....._.....G.%D§.oW.....
....###....%..G{#.#.#..#
##.. ...###....§.... #.
{#.. ...# O..G....... #.
...#..... ....


You could see an accursed, 2 eight-headed meat hydras, 3 observers, a wretched
soul (invisible), a dread, a meat berserker (berserk) and a bag of meat.

Vanquished Creatures
  Sigmund (D)
  7 hell beasts (D)
  3 greater mummies (D)
  2 wraiths (D)
  21 vampire knights (D)
  34 ogres (D)
  7 two-headed ogres (D)
  4 liches (D)
  2 hydras (D)
  71 orcs (D)
  A phantom (D)
  5 skeletal warriors (D)
  6 large abominations (D)
  8 small abominations (D)
  10 crawling corpses (D)
182 creatures vanquished.

Vanquished Creatures (others)
  3 crawling corpses (D)
3 creatures vanquished.

Grand Total: 185 creatures vanquished

Notes
Turn   | Place    | Note
-------+----------+-------------------------------------------
     0 | D        | Found the +∞ Axe of Woe
     0 | D        | 12572944 the Formicid Fighter began the quest for the Orb.
     0 | D        | Reached XP level 1. HP: 18/18 MP: 1/1
     0 | D        | Noticed a bag of meat
     2 | D        | Noticed a meat berserker
     2 | D        | Noticed a bag of meat
     3 | D        | Noticed a bag of meat
     4 | D        | Became a worshipper of Makhleb the Destroyer
     4 | D        | Noticed a bag of meat
     5 | D        | Killed a bag of meat
     5 | D        | Reached skill level 15 in Fighting
     5 | D        | Reached skill level 15 in Armour
     5 | D        | Reached XP level 2. HP: 45/45 MP: 2/2
     5 | D        | Reached XP level 3. HP: 51/51 MP: 3/3
     5 | D        | Reached XP level 4. HP: 58/58 MP: 4/4
     5 | D        | Reached XP level 5. HP: 64/64 MP: 5/5
     5 | D        | Reached XP level 6. HP: 71/71 MP: 6/6
     5 | D        | Reached XP level 7. HP: 77/77 MP: 7/7
     5 | D        | Reached XP level 8. HP: 85/85 MP: 8/8
     5 | D        | Reached XP level 9. HP: 91/91 MP: 9/9
     5 | D        | Reached XP level 10. HP: 98/98 MP: 10/10
     5 | D        | Reached XP level 11. HP: 104/104 MP: 11/11
     5 | D        | Reached XP level 12. HP: 111/111 MP: 12/12
     5 | D        | Noticed a bag of meat
     6 | D        | Killed a meat berserker
     6 | D        | Reached * piety under Makhleb
     6 | D        | Reached XP level 13. HP: 127/127 MP: 13/13
     6 | D        | Reached XP level 14. HP: 134/134 MP: 14/14
     6 | D        | Noticed a bag of meat
     7 | D        | Killed a bag of meat
     7 | D        | Reached XP level 15. HP: 143/143 MP: 15/15
     8 | D        | Reached ** piety under Makhleb
     8 | D        | Reached XP level 16. HP: 156/156 MP: 16/16
    11 | D        | Noticed a meat berserker
    13 | D        | Noticed a meat berserker
    13 | D        | Reached *** piety under Makhleb
    13 | D        | Reached skill level 27 in Shields
    13 | D        | Reached XP level 17. HP: 169/169 MP: 17/17
    14 | D        | Reached skill level 27 in Fighting
    14 | D        | Reached skill level 27 in Armour
    14 | D        | Reached XP level 18. HP: 182/182 MP: 18/18
    14 | D        | Noticed a destroyer
    14 | D        | Noticed a meat berserker
    14 | D        | Noticed a meat berserker
    15 | D        | Killed a meat berserker
    15 | D        | Reached **** piety under Makhleb
    15 | D        | Reached skill level 27 in Unarmed Combat
    15 | D        | Reached skill level 5 in Dodging
    15 | D        | Reached XP level 19. HP: 189/189 MP: 19/19
    15 | D        | Killed a meat berserker
    15 | D        | Reached skill level 27 in Axes
    15 | D        | Noticed a meat berserker
    16 | D        | Reached ***** piety under Makhleb
    16 | D        | Reached XP level 20. HP: 197/197 MP: 20/20
    17 | D        | Noticed a large bag of meat
    18 | D        | Killed a meat berserker
    18 | D        | Reached skill level 27 in Dodging
    18 | D        | Reached XP level 21. HP: 204/204 MP: 21/21
    18 | D        | Reached skill level 10 in Invocations
    18 | D        | Killed a destroyer
    18 | D        | Killed a meat berserker
    18 | D        | Reached XP level 22. HP: 212/212 MP: 21/43
    19 | D        | Reached ****** piety under Makhleb
    19 | D        | Noticed a meat berserker
    20 | D        | Killed a meat berserker
    20 | D        | Reached XP level 23. HP: 219/219 MP: 21/48
    20 | D        | Noticed a destroyer
    20 | D        | Noticed a large bag of meat
    22 | D        | Reached skill level 27 in Stealth
    24 | D        | Noticed a destroyer
    24 | D        | Reached skill level 27 in Invocations
    24 | D        | Killed a destroyer
    24 | D        | Reached skill level 27 in Throwing
    24 | D        | Reached skill level 27 in Spellcasting
    24 | D        | Reached XP level 24. HP: 227/227 MP: 22/54
    24 | D        | Killed a large bag of meat
    27 | D        | Noticed a destroyer
    27 | D        | Noticed a destroyer
    29 | D        | Killed a destroyer
    29 | D        | Reached XP level 25. HP: 234/234 MP: 23/54
    29 | D        | Noticed a large bag of meat
    31 | D        | Killed a destroyer
    32 | D        | Reached XP level 26. HP: 242/242 MP: 24/54
    34 | D        | Noticed a destroyer
    35 | D        | Noticed a large bag of meat
    37 | D        | Killed a destroyer
    37 | D        | Reached XP level 27. HP: 249/249 MP: 26/54
    38 | D        | Noticed a large bag of meat
    38 | D        | Killed a large bag of meat
    38 | D        | Noticed a destroyer
    38 | D        | Noticed a destroyer
    38 | D        | Noticed a destroyer
    39 | D        | Killed a destroyer
    40 | D        | Noticed a tyrant
    40 | D        | Killed a destroyer
    41 | D        | Killed a destroyer
    41 | D        | Noticed a destroyer
    43 | D        | Noticed a destroyer
    44 | D        | Killed a large bag of meat
    46 | D        | Noticed an accursed
    46 | D        | Noticed a destroyer
    46 | D        | Noticed a large bag of meat
    47 | D        | Noticed an accursed
    49 | D        | Noticed a destroyer
    49 | D        | Noticed a destroyer
    50 | D        | Noticed a tyrant
    50 | D        | Noticed an accursed
    50 | D        | Killed a large bag of meat
    50 | D        | Killed a destroyer
    50 | D        | Noticed a destroyer
    51 | D        | Killed a destroyer
    51 | D        | Killed a destroyer
    52 | D        | Noticed a destroyer
    52 | D        | Noticed a destroyer
    53 | D        | Killed a destroyer
    53 | D        | Noticed The Captor
    53 | D        | Noticed a destroyer
    54 | D        | Noticed a meat beast
    54 | D        | Noticed a dread
    54 | D        | Killed a tyrant
    54 | D        | Killed a destroyer
    55 | D        | Killed a destroyer
    57 | D        | Killed a large bag of meat
    57 | D        | Noticed a meat beast
    58 | D        | Killed a meat beast
    58 | D        | Noticed a destroyer
    59 | D        | Killed a tyrant
    59 | D        | Killed a destroyer
    60 | D        | Killed The Captor
    60 | D        | Noticed a meat beast
    62 | D        | Noticed a dread
    62 | D        | Killed a destroyer
    62 | D        | Killed a meat beast
    64 | D        | Noticed a meat beast
    64 | D        | Noticed a tyrant
    65 | D        | Killed a dread
    66 | D        | Killed an accursed
    66 | D        | Killed an accursed
    66 | D        | Killed a meat beast
    67 | D        | Killed a destroyer
    67 | D        | Noticed a large bag of meat
    68 | D        | Killed a destroyer
    68 | D        | Noticed a destroyer
    70 | D        | Killed a large bag of meat
    70 | D        | Killed a meat beast
    71 | D        | Noticed a meat beast
    71 | D        | Noticed a tyrant
    72 | D        | Killed a destroyer
    72 | D        | Killed a dread
    72 | D        | Noticed a meat beast
    73 | D        | Killed a destroyer
    73 | D        | Noticed a meat beast
    75 | D        | Killed a meat beast
    76 | D        | Killed a meat beast
    76 | D        | Killed a meat beast
    78 | D        | Killed a large bag of meat
    78 | D        | Noticed an accursed
    80 | D        | Killed an accursed
    83 | D        | Killed a tyrant
    84 | D        | Killed a tyrant
    84 | D        | Noticed a destroyer
    85 | D        | Noticed a dread
    87 | D        | Killed a destroyer
    88 | D        | HP: 10/249 [??? (8)]
    88 | D        | HP: 1/249 [accursed/divine providence (9)]
    89 | D        | Killed from afar by an observer

Illustrated notes

Levels and vault maps discovered:
D:        meatsprint

Skill      XL: |  1  2  3  4  5  6  7  8  9 10 11 12 13 14 15 16 17 18 19 20 21 22 23 |
---------------+----------------------------------------------------------------------+-----
Fighting       | 15 19 20 22 25 27 | 27.0
Armour         | 15 19 20 22 25 27 | 27.0
Shields        | 17 21 22 24 27 | 27.0
Unarmed Combat | 14 18 19 21 23 25 27 | 27.0
Axes           | 23 27 | 27.0
Dodging        | 6 17 27 | 27.0
Throwing       | 17 21 27 | 27.0
Stealth        | 21 26 27 | 27.0
Spellcasting   | 17 21 27 | 27.0
Invocations    | 19 24 27 | 27.0

Action                   |  1- 3 |  4- 6 |  7- 9 | 10-12 | 13-15 | 16-18 | 19-21 | 22-24 | 25-27 || total
-------------------------+-------+-------+-------+-------+-------+-------+-------+-------+-------++-------
Melee: Executioner's axe |     1 |       |       |     1 |     2 |     4 |     3 |     6 |    53 ||    70
Armor: Scale mail        |       |       |       |       |       |       |     1 |       |     3 ||     4
Dodge: Dodged            |       |       |       |       |       |       |       |       |     4 ||     4
Block: Kite shield       |       |       |       |     1 |       |       |     1 |       |     2 ||     4

Table legend:
 A = Non-vault XP
 B = Vault XP
 C = Vault XP percentage of total XP
 D = Non-vault monster count
 E = Vault monster count
 F = Vault count percentage of total count
                 A         B        C        D         E       F
            +---------+---------+-------+---------+---------+-------
      Total | 3664118 |  976747 |  21.0 |      99 |      73 |  42.4
            +---------+---------+-------+---------+---------+-------
          D | 3664118 |  976747 |  21.0 |      99 |      73 |  42.4
            +---------+---------+-------+---------+---------+-------
